 Dungeon Crawl Stone Soup version 0.19-a0-453-g7eaa1ff (webtiles) character file.

66 GlassEater the Caller (level 4, 21/21 HPs)
             Began as a Vine Stalker Summoner on June 2, 2016.
             Quit the game on level 3 of the Dungeon.
             The game lasted 00:13:08 (3638 turns).

GlassEater the Caller (Vine Stalker Summoner)       Turns: 3638, Time: 00:13:09

Health: 21/21      AC:  2    Str: 10    XL:     4   Next: 15%
Magic:  10/10      EV: 12    Int: 16    God:
Gold:   137        SH:  0    Dex: 17    Spells: 4 memorised, 0 levels left

rFire  . . .     SeeInvis .     (no weapon)
rCold  . . .     Gourm    .     a - +0 robe
rNeg   + . .     Faith    .     (no shield)
rPois  .         Spirit   +     (no helmet)
rElec  .         Dismiss  .     (no cloak)
rCorr  .         Reflect  .     (no gloves)
SustAt .         Harm     .     (no boots)
MR     .....                    (no amulet)
Stlth  ++........               p - +2 ring of dexterity
                                d - ring of positive energy

@: not resistant to hostile enchantments, unstealthy
A: fangs 2, regeneration 1, magic shield, antimagic bite, no device heal 3, rot
immunity
a: no special abilities


You were on level 3 of the Dungeon.
You were not hungry.

You visited 1 branch of the dungeon, and saw 3 of its levels.

You collected 137 gold pieces.

Inventory:

Hand Weapons
 v - a +0 quarterstaff
Armour
 a - a +0 robe (worn)
 t - a +0 large shield
Jewellery
 d - a ring of positive energy (left hand)
 p - a +2 ring of dexterity (right hand)
 u - an uncursed amulet of regeneration {unknown}
Wands
 q - a wand of iceblast (10/15)
 s - a wand of polymorph (1/24)
Scrolls
 f - 2 scrolls of noise {unknown}
 g - 2 scrolls of magic mapping {unknown}
 j - a scroll of enchant armour {unknown}
 m - a scroll of identify {unknown}
 o - a scroll of fear {unknown}
 r - a scroll of recharging {unknown}
Potions
 e - 4 potions of haste {unknown}
 h - 3 potions of mutation {unknown}
 k - a potion of heal wounds {unknown}
 n - 3 potions of curing {unknown}
Books
 b - a book of Callings

   Spells                             Type                      Level
   a - Summon Small Mammal            Summoning                    1
   b - Call Imp                       Summoning                    2
   c - Call Canine Familiar           Summoning                    3
   d - Summon Guardian Golem          Hexes/Summoning              3
   e - Summon Lightning Spire         Summoning/Air                4
   f - Summon Ice Beast               Ice/Summoning                4
Comestibles
 c - a bread ration
 i - a slice of pizza
 l - 3 meat rations


   Skills:
 - Level 1.8 Dodging
 - Level 2.6 Stealth
 + Level 3.3 Spellcasting
 + Level 4.7 Summonings


You couldn't memorise any spells.
You knew the following spells:

 Your Spells              Type           Power        Failure   Level  Hunger
a - Summon Small Mammal   Summ           ###.         2%          1    None
b - Call Imp              Summ           ###.....     4%          2    ##.....
c - Call Canine Familiar  Summ           ###.....     10%         3    ###....
d - Summon Guardian Gole  Hex/Summ       ##......     21%         3    ###....


Dungeon Overview and Level Annotations

Branches:
Dungeon (3/15)

Altars:
Elyvilon
Okawaru
Pakellas
The Shining One


Innate Abilities, Weirdness & Mutations

You have extremely sharp teeth.
Your natural rate of healing is unusually fast.
When hurt, damage is shared between your health and your magic reserves.
Your bite disrupts and absorbs the magic of your enemies.
Potions and wands cannot restore your health.
You are immune to rotting.


Message History

Press: ? - help, Dir - move target cursor, f - giant newt
Aim: a giant newt Attack!
Your hound misses the giant newt.
Your hound barely misses the giant newt.
Your hound bites the giant newt.
The giant newt dies!
You open the door.
There is an open door here.
Your hound disappears in a puff of smoke!
r - a scroll labeled PUTEDA IWUOC You see here a leather armour.
There is a stone staircase leading down here.
Found a quarterstaff.
You see here a quarterstaff.
Done exploring.
You see here a quarterstaff.
v - a quarterstaff Done exploring.
Are you sure you want to abandon this character and quit the game? (Confirm with "yes".)

...# #.# #.###.#
...# #.# #.....#
...# #.# #####.#
...# #.# #.#
...###.# #.#
.......# #.#
...##### #.#
.....# #.# ...#.#
#@# .....# #.#
###..# #.# #..#
#.#
###..###########.#
.................#
......############
......# ......#


There were no monsters in sight!

Vanquished Creatures
  2 jackals (D:1)
  A giant newt (D:2)
  A rat (D:1)
4 creatures vanquished.

Vanquished Creatures (collateral kills)
  3 adders (D:2)
  An ooze (D:1)
  An orc (D:3)
  2 ball pythons
  3 giant cockroaches
  9 goblins
  9 hobgoblins
  3 jackals (D:2)
  8 kobolds
  A quokka (D:3)
  11 bats
  8 giant newts
  9 rats
68 creatures vanquished.

Vanquished Creatures (others)
  An orange crystal statue (D:2)
1 creature vanquished.

Grand Total: 73 creatures vanquished

Notes
Turn   | Place    | Note
--------------------------------------------------------------
     0 | D:1      | GlassEater the Vine Stalker Summoner began the quest for the Orb.
     0 | D:1      | Reached XP level 1. HP: 9/9 MP: 4/4
   296 | D:1      | Reached XP level 2. HP: 13/13 MP: 1/6
   305 | D:1      | Learned a level 2 spell: Call Imp
   486 | D:1      | Found a glowing golden altar of the Shining One.
  1368 | D:2      | Reached XP level 3. HP: 16/16 MP: 3/7
  1385 | D:2      | Found an iron altar of Okawaru.
  1508 | D:2      | Found a white marble altar of Elyvilon.
  1768 | D:2      | Found an oddly glowing altar of Pakellas.
  1768 | D:2      | Noticed an orange crystal statue
  1770 | D:2      | Noticed a wyvern
  1781 | D:2      | Killed an orange crystal statue
  1975 | D:2      | Learned a level 3 spell: Call Canine Familiar
  2870 | D:3      | Reached XP level 4. HP: 21/21 MP: 5/9
  2878 | D:3      | Learned a level 3 spell: Summon Guardian Golem
  3638 | D:3      | Quit the game

Vault maps used:
D:1:      matt_arrival_refuge, tso_metal_star
D:2:      gammafunk_pakellas_statue_experiment, overflow_temple_1_default,
          eino_tiny_chamber, okawaru_ov_weapons_minmay

Skill      XL: |  1  2  3 |
---------------+----------+-----
Spellcasting   | 3 |  3.3
Dodging        | |  1.8
Stealth        | |  2.6
Summonings     | |  4.7

Action                   |  1- 3 |  4- 6 || total
-------------------------+-------+-------++-------
Melee: Unarmed           |     9 |     4 ||    13
       Bite              |     2 |     2 ||     4
 Cast: Summon Small Mamm |    91 |       ||    91
       Call Imp          |    10 |    13 ||    23
       Call Canine Famil |    10 |     5 ||    15
  Eat: Chunk             |     8 |     4 ||    12
Armor: Robe              |    17 |     5 ||    22
Dodge: Dodged            |    56 |    15 ||    71
